AoeStats
← naphtaligrauer16

Glade

510771344Analyzed
1v1 RM · 1d ago on Oct 2, 2026· 35m 8s· 2 players
Game mode
Random Map
Map size
Tiny (2 player)
Population
200
Speed
Normal
Resources
Standard
Victory
Conquest
Starting age
Dark Age
Ending age
Imperial Age
RankedLock teamsTeams togetherTeam positionsShared explorationLock speedFull tech treeHidden civsTurbo modeCheats
Victory
Defeat
🇩🇪 Mongols · Germany
1493
+15
🇩🇪 Armenians · Germany
1468
-15
naphtaligrauer16
9:43 Feudal Age
10:14 Double-Bit Axe
10:13 Horse Collar
13:19 Loom
14:47 Wheelbarrow
18:21 Castle Age
17:37 Gold Mining
17:41 Stone Mining
22:12 Bow Saw
23:43 Fletching
23:53 Padded Archer Armor
23:38 Elite Skirmisher
32:02 Imperial Age
30:38 Scale Mail Armor
30:49 Forging
30:06 Man-at-Arms
30:31 Gambesons
30:49 Squires
32:39 Long Swordsman
33:26 Fereters
33:26 Two-Handed Swordsman
Bello
9:53 Feudal Age
14:12 Castle Age
12:33 Double-Bit Axe
13:35 Loom
14:35 Fletching
16:35 Horse Collar
24:27 Devotion
25:56 Padded Archer Armor
28:00 Bodkin Arrow
30:04 Leather Archer Armor
34:54 Imperial Age
34:11 Wheelbarrow
33:52 Gold Mining
35:59 Conscription
Connection lost

Rejoining the realm…

Still unreachable

The connection could not be restored.

Session expired

The server has moved on; the page needs a fresh start.